 Dungeon Crawl Stone Soup version 0.29.1-1-gd02db6906a (webtiles) character file.

Game seed: 6512667104804138399

1314 Godmorgon the Zephyrmancer (level 8, -2/46 HPs)
             Began as a Tengu Air Elementalist on Oct 14, 2022.
             Was an Initiate of Vehumet.
             Slain by an ice beast (5 damage)
             ... on level 5 of the Dungeon.
             The game lasted 00:30:04 (9065 turns).

Godmorgon the Zephyrmancer (Tengu Air Elementalist) Turns: 9065, Time: 00:30:05

Health: -2/46      AC:  5    Str:  9    XL:     8   Next: 58%
Magic:  14/15      EV: 18    Int: 18    God:    Vehumet [......]
Gold:   120        SH:  0    Dex: 14    Spells: 8/15 levels left

rFire   x . .      SeeInvis .   a - +4 dagger
rCold   + . .      Faith    .   (no shield)
rNeg    . . .      Spirit   .   d - +0 robe
rPois   .          Reflect  .   (helmet restricted)
rElec   .          Harm     .   n - +0 cloak
rCorr   .          Rampage  .   y - +1 pair of gloves
Will    .....                   (boots unavailable)
Stlth   ++........              (no amulet)
HPRegen 0.15/turn               g - ring of ice
MPRegen 0.14/turn               z - +4 ring of evasion

@: about to teleport, flying quickly and evasively, quick
A: beak, talons 3, nimble flight
a: Renounce Religion


You were on level 5 of the Dungeon.
You worshipped Vehumet.
Vehumet was noncommittal.
You visited 2 branches of the dungeon, and saw 6 of its levels.

You collected 268 gold pieces.
You spent 148 gold pieces at shops.

Inventory:

Hand Weapons
 a - a +4 dagger (weapon)
Missiles
 E - 2 throwing nets
Armour
 d - a +0 robe (worn)
 n - a +0 cloak (worn)
 y - a +1 pair of gloves (worn)
 A - a +0 kite shield
 F - a +2 tower shield
Magical Staves
 s - a staff of earth
Jewellery
 g - a ring of ice (left hand)
 k - a ring of protection from fire
 q - a ring of ice
 z - a +4 ring of evasion (right hand)
Scrolls
 h - 6 scrolls of vulnerability
 j - 3 scrolls of enchant weapon {unknown}
 m - a scroll of noise {unknown}
 o - 2 scrolls of teleportation
 p - 2 scrolls of poison
 r - a scroll of blinking {unknown}
 t - 2 scrolls of enchant armour {unknown}
 v - a scroll of fear
 w - a scroll of immolation {unknown}
 G - a scroll of identify
Potions
 b - 4 potions of magic
 c - a potion of invisibility {unknown}
 e - a potion of attraction {unknown}
 f - 2 potions of cancellation
 i - a potion of berserk rage {unknown}
 l - 2 potions of curing
 u - 3 potions of mutation
 x - 2 potions of lignification
 B - a potion of heal wounds {unknown}
 C - 2 potions of haste {unknown}
 D - a potion of resistance


   Skills:
 + Level 3.0 Fighting
 - Level 2.1 Dodging
 - Level 2.0 Stealth
 + Level 4.3 Spellcasting
 * Level 7.8 Conjurations
 * Level 9.0 Air Magic


You had 8 spell levels left.
You knew the following spells:

 Your Spells              Type           Power      Damage    Failure   Level
a - Airstrike             Air            18%        2d(3-19)  3%          4
d - Static Discharge      Conj/Air       34%        3-8/arc   1%          2
s - Shock                 Conj/Air       100%       1d9       1%          1

Your spell library contained the following spells:

 Spells                   Type           Power      Damage    Failure   Level
 Magic Dart               Conj           100%       1d8       1%          1
 Searing Ray              Conj           64%        2d6       1%          2
 Swiftness                Air            36%        N/A       1%          3
 Fulminant Prism          Conj/Hex       9%         3d7       28%         4
 Call Canine Familiar     Summ           3%         N/A       38%         3
 Portal Projectile        Hex/Tloc       6%         N/A       38%         3
 Leda's Liquefaction      Hex/Erth       1%         N/A       80%         4


Dungeon Overview and Level Annotations

Branches:
Dungeon (5/15)             Temple (1/1) D:5

Altars:
Cheibriados
Dithmenos
Elyvilon
Makhleb
Nemelex Xobeh
Okawaru
Trog
Uskayaw
Vehumet
Wu Jian
Xom
Yredelemnul
Zin
The Shining One

Shops:
D:4 [   D:5 !

Annotations:
D:3 1 runed translucent door, miserystealer's ghost, amateur HOMo


Innate Abilities, Weirdness & Mutations

You have a beak for a mouth.
You have claws for feet.
Your magical nature lets you fly swiftly and evasively.


Message History

There is an open gate here.
You are engulfed in freezing vapours.
You resist. The ice beast hits you. The ice beast freezes you. You resist.
The ice beast closely misses you.
Casting: Static Discharge (safe; 1% risk of failure)
Confirm with . or Enter, or press ? or * to list all spells.
The ice beast is struck by an arc of lightning!
The ice beast is moderately wounded.
The ice beast is struck by an arc of lightning.
The ice beast is lightly wounded.
The lightning grounds out.
You are engulfed in freezing vapours.
You resist. The ice beast barely misses you. x2
The ice beast hits you but does no damage.
Casting: Static Discharge (safe; 1% risk of failure)
Confirm with . or Enter, or press ? or * to list all spells.
Okay, then.
Press: ? - help, v - describe, . - travel
Here: an ice beast (moderately wounded)
The floor.
As you read the scroll of fear, it crumbles to dust.
You assume a fearsome visage.
The ice beast looks frightened! x3
You are engulfed in freezing vapours.
You resist.
* * * LOW HITPOINT WARNING * * *
You see here 15 gold pieces.
There is a transporter here.
Cornered, the ice beast turns to fight!
You see here a scroll of identify.
G - a scroll of identify
There is a transporter here.
You see here 24 gold pieces.
Cornered, the ice beast turns to fight!
The ice beast closely misses you.
There is a transporter here.
You enter the transporter and appear at another place.
The ice beast hits you but does no damage.
As you read the scroll of teleportation, it crumbles to dust.
You feel strangely unstable.
The ice beast seems to regain its courage.
The ice beast hits you.
* * * LOW HITPOINT WARNING * * *
The ice beast freezes you. You resist.
You die...

#○°....○#...###......
####'○°####...........
#Y○.°°..°.#..####.....
#○○.°..°☼○#..###......
#.°°...°.Y#...........
#°.°$$$°°.#...#.....##
#○○.$§.°°.#...#.....#.
##############.#.......
##..##Y@.###............
#.........###...........
##.......).###..........
##.........##..........
##.........#...<...#...
#...................##.
#......................
###.##.#.............##
#######............##


You could see 3 ice beasts.

Vanquished Creatures
  2 black bears (D:5)
  An ogre (D:5)
  A wolf (D:5)
  A centaur (D:5)
  2 gnoll sergeants (D:5)
  A scorpion (D:5)
  6 hounds
  A jelly (D:5)
  2 orc priests (D:3)
  2 gnoll boudas (D:5)
  An iguana (D:5)
  An orc wizard (D:5)
  17 gnolls (D:5)
  4 adders
  4 ufetubi
  3 worms
  3 dart slugs
  11 orcs
  3 endoplasms
  A giant cockroach (D:2)
  5 goblins
  7 hobgoblins
  11 jackals
  8 kobolds
  4 quokkas
  5 ball pythons
  5 bats
  6 frilled lizards
  6 rats
124 creatures vanquished.

Vanquished Creatures (others)
  9 plants (D:1)
9 creatures vanquished.

Grand Total: 133 creatures vanquished

Notes
Turn   | Place    | Note
-------+----------+-------------------------------------------
     0 | D:1      | Godmorgon the Tengu Air Elementalist began the quest for
                  | the Orb.
     0 | D:1      | Reached XP level 1. HP: 10/10 MP: 4/4
   315 | D:1      | Reached XP level 2. HP: 15/15 MP: 3/6
   318 | D:1      | Learned a level 2 spell: Static Discharge
  1039 | D:1      | Reached XP level 3. HP: 19/19 MP: 5/7
  1835 | D:2      | Reached skill level 5 in Air Magic
  2494 | D:2      | Reached XP level 4. HP: 20/24 MP: 4/8
  2832 | D:3      | Found a sparkling altar of Nemelex Xobeh.
  3234 | D:3      | Found a burning altar of Makhleb.
  3470 | D:3      | Gained mutation: Your magical nature lets you fly swiftly
                  | and evasively. [Tengu growth]
  3470 | D:3      | Reached XP level 5. HP: 7/28 MP: 3/10
  3976 | D:3      | Found a runed translucent door.
  3978 | D:3      | Noticed miserystealer's ghost (amateur HOMo)
  4390 | D:3      | Reached skill level 6 in Air Magic
  4725 | D:4      | Learned a level 4 spell: Airstrike
  5262 | D:4      | Found Koemirus's Armour Shop.
  5277 | D:4      | Bought a +1 pair of gloves for 138 gold pieces
  6075 | D:5      | Entered Level 5 of the Dungeon
  6099 | D:5      | Found a transporter.
  6113 | D:5      | Reached XP level 6. HP: 18/32 MP: 1/11
  6452 | D:5      | Noticed a black bear
  6569 | D:5      | Reached skill level 5 in Conjurations
  6751 | D:5      | Reached skill level 1 in Fighting
  6792 | D:5      | Reached skill level 7 in Air Magic
  6792 | D:5      | Reached XP level 7. HP: 25/38 MP: 8/13
  7401 | D:5      | Found Yphanegi's Distillery.
  7529 | D:5      | Bought a potion of degeneration for 10 gold pieces
  7557 | D:5      | Found a transporter.
  7664 | D:5      | Reached skill level 8 in Air Magic
  7664 | D:5      | Reached XP level 8. HP: 42/44 MP: 6/14
  8320 | D:5      | Found a staircase to the Ecumenical Temple.
  8356 | Temple   | Entered the Ecumenical Temple
  8438 | Temple   | Became a worshipper of Vehumet
  8741 | D:5      | Reached skill level 9 in Air Magic
  9065 | D:5      | Slain by an ice beast

Illustrated notes

Levels and vault maps discovered:
D:1:      nicolae_arrival_somewhat_less_tricky_arrival, layout_basic,
          minmay_misc_feat_square, lexackson_kobold_supper
D:2:      layout_basic, minmay_misc_feat_secret_circle
D:3:      layout_loops_ring, mainiacjoe_overflow_six_doors_small,
          overflow_temple_1_default, ebering_ghost_sewer_d, st_stairs_10
D:4:      layout_layer_cave, serial_shops, nicolae_stop_n_shop_2
D:5:      gammafunk_cloud_chamber, layout_cave_pools, temple_green,
          serial_gnoll_camp, gnoll_camp_mini_shop, gnoll_camp_huts_basic,
          gnoll_camp_mini_hut, gnoll_camp_mini_doghouse,
          gnoll_camp_mini_loothouse
Temple:   hellmonk_temple_flake

Skill      XL: |  1  2  3  4  5  6  7  8 |
---------------+-------------------------+-----
Conjurations   | 2 3 4 5 6 7 |  7.8
Air Magic      | 5 6 7 8 9 |  9.0
Spellcasting   | 3 4 |  4.3
Fighting       | 1 2 3 |  3.0
Dodging        | |  2.1
Stealth        | |  2.0

Action                   |  1- 3 |  4- 6 |  7- 9 || total
-------------------------+-------+-------+-------++-------
Melee: Dagger            |     4 |    10 |       ||    14
       Kick              |       |     2 |       ||     2
 Cast: Shock             |    45 |    28 |    32 ||   105
       Static Discharge  |     9 |    52 |    49 ||   110
  Use: Scroll            |       |     9 |     2 ||    11
Armor: Robe              |     9 |     7 |    11 ||    27
Dodge: Dodged            |    11 |    44 |    50 ||   105
